 Dungeon Crawl Stone Soup version 0.31-a0-667-g39726597b9 (webtiles) character file.

Game seed: 12815646300153643295

37 Xavori the Trooper (level 3, 26/26 HPs)
             Began as an Octopode Chaos Knight on Sept 3, 2023.
             Was a Plaything of Xom.
             Quit the game on level 2 of the Dungeon.
             The game lasted 00:01:48 (15255 turns).

Xavori the Trooper (Octopode Chaos Knight)         Turns: 15255, Time: 00:01:49

Health: 26/26      AC:  1    Str: 10    XL:     3   Next: 41%
Magic:  2/2        EV: 14    Int: 13    God:    Xom [...*..]
Gold:   122        SH:  0    Dex: 17    Spells: 2/2 levels left

rFire   + . .        a - +0 short sword (chaos)
rCold   . . .        (no shield)
rNeg    . . .        (helmet restricted)
rPois   .            (no amulet)
rElec   .            (no ring)
rCorr   .            (no ring)
SInv    .            (no ring)
Will    .....        (no ring)
Stlth   +++          (no ring)
HPRegen 0.24/turn    (no ring)
MPRegen 0.08/turn    (no ring)
                     (no ring)

%: random rage (3%)
@: no status effects
A: almost no armour, amphibious, 8 rings, camouflage 1, gelatinous body 1,
(nimble swimmer 1), tentacles, agile 1, berserk 1, deterioration 1, fire
resistance 1, low MP 1, devolution 1
a: Renounce Religion


You were on level 2 of the Dungeon.
You worshipped Xom.
You were a favourite toy of Xom.
You visited 1 branch of the dungeon, and saw 3 of its levels.

You collected 122 gold pieces.

Inventory:

Hand Weapons
 a - a +0 short sword of chaos (weapon)
Scrolls
 b - a scroll of butterflies
 d - 2 scrolls of blinking {unknown}
 g - 2 scrolls of enchant weapon {unknown}
 i - a scroll of identify {unknown}
Potions
 c - a potion of might
 e - a potion of ambrosia {unknown}
 h - a potion of heal wounds {unknown}
Miscellaneous
 f - a phantom mirror


   Skills:
 + Level 3.4 Fighting
 + Level 3.3 Short Blades
 + Level 2.7 Dodging
 + Level 1.7 Stealth


You had 2 spell levels left.
You didn't know any spells.
Your spell library contained the following spells:

 Spells                   Type           Power      Damage    Failure   Level
 Poisonous Vapours        Pois/Air       0%         N/A       43%         2
 Inner Flame              Hex/Fire       0%         N/A       67%         3
 Mephitic Cloud           Conj/Pois/Air  0%         N/A       67%         3
 Ozocubu's Armour         Ice            0%         N/A       67%         3
 Flame Wave               Conj/Fire      0%         2d4       97%         4
 Sticky Flame             Conj/Fire      0%         2d3       97%         4
 Freezing Cloud           Conj/Ice/Air   0%         6-21      100%        5
 Metabolic Englaciation   Hex/Ice        0%         N/A       100%        5
 Simulacrum               Ice/Necr       0%         N/A       100%        6
 Ozocubu's Refrigeration  Ice            0%         4d7       100%        7


Dungeon Overview and Level Annotations

Branches:
Dungeon (3/15)

Altars:

Shops:
D:1 (


Innate Abilities, Weirdness & Mutations

You cannot wear most types of armour.
You are amphibious.
You can wear up to eight rings at the same time.
Your skin changes colour to match your surroundings (Stealth+).
Your rubbery body absorbs attacks. (AC +1, EV +1)
((You are camouflaged when in or above water. (Stealth+)))
You have tentacles for arms and can constrict up to eight enemies at once.
You are agile. (Dex +4, Str/Int -1)
You sometimes lose your temper in combat.
Your body sometimes deteriorates upon taking damage.
Your flesh is heat resistant. (rF+)
Your magical capacity is low. (-10% MP)
You have hidden genetic defects.


Message History

You start waiting.
You start waiting.
You start waiting.
You start waiting.
Done waiting.
You start waiting.
Done waiting.
You start waiting.
Done waiting.
You start waiting. "See what I see, my child!"
You detect nothing.
You start waiting.
Done waiting.
You start waiting.
Done waiting.
You start waiting.
Done waiting.
You start waiting.
Xom makes a sudden noise!
You hear a hideous shriek!
You start waiting.
Xom grants you insight.
You detect nothing.
You are now a favourite toy of Xom.
You start waiting.
You are now a special plaything of Xom.
You start waiting.
Done waiting.
You start waiting.
Done waiting.
You start waiting.
You are now a favourite toy of Xom.
You start waiting. "Let's go for a ride!"
Your surroundings suddenly seem different.
Your surroundings suddenly seem different.
Your surroundings suddenly seem different.
Your surroundings suddenly seem different.
Unknown command.
Are you sure you want to abandon this character and quit the game? (Confirm with "yes".)

+#####.##.#.###..##.#############
.#####.##............#
.#..........###..#####
.#...............#
.#..........####.#
.<.............#.#
...............#.#
...............#.#
...............#@#
...............#'######
..#'####..............#
..#..........##)......#
..#.###......##.......#
......#.######........# ....#.#.#
##.....##### ..#.#.#.# ##......#
.##.#.#.###.......#


There were no monsters in sight!

Vanquished Creatures
  An adder (D:2)
  A ball python (D:1)
  3 bats (D:2)
  5 endoplasms
  2 giant cockroaches
  4 goblins
  3 hobgoblins
  2 kobolds (D:2)
  A rat (D:2)
22 creatures vanquished.

Notes
Turn   | Place    | Note
-------+----------+-------------------------------------------
     0 | D:1      | Xavori the Octopode Chaos Knight began the quest for the
                  | Orb.
     0 | D:1      | Reached XP level 1. HP: 16/16 MP: 1/1
    24 | D:1      | Found Eminer's Antique Weapon Shoppe.
    63 | D:1      | XOM: silly message
   241 | D:1      | XOM: 1-stop teleportation journey
   310 | D:1      | XOM: silly message
   345 | D:1      | Reached XP level 2. HP: 21/21 MP: 2/2
   787 | D:2      | XOM: 1-stop teleportation journey
   794 | D:2      | Reached skill level 1 in Stealth
   794 | D:2      | Reached XP level 3. HP: 26/26 MP: 3/3
   936 | D:1      | XOM: god gift: staff of death
  1296 | D:1      | XOM: silly message
  1667 | D:1      | XOM is BORED!
  1667 | D:1      | XOM: torment (14/26 hp)
  1962 | D:1      | XOM: cloud trail
  2068 | D:1      | XOM: god gift: phantom mirror
  2200 | D:1      | XOM: silly message
  2623 | D:1      | XOM: noise
  3043 | D:1      | XOM: cloud trail
  3876 | D:1      | XOM: summons 1 hostile shadow creature
  4091 | D:2      | XOM: summons 3 hostile shadow creatures
  4175 | D:1      | XOM: torment (14/26 hp)
  4492 | D:1      | XOM is BORED!
  4677 | D:1      | XOM: silly message
  4687 | D:1      | XOM: noise
  5414 | D:1      | XOM: give mutations
  5414 | D:1      | Gained mutation: Your flesh is heat resistant. (rF+) [Xom's
                  | grace]
  5414 | D:1      | Gained mutation: You expend magic power (3 MP) to
                  | strengthen your wands. [Xom's grace]
  5414 | D:1      | Gained mutation: You are agile. (Dex +4, Str/Int -1) [Xom's
                  | grace]
  5414 | D:1      | Gained mutation: Your system is resistant to poisons.
                  | (rPois) [Xom's grace]
  5801 | D:1      | XOM: give mutations
  5801 | D:1      | Lost mutation: You expend magic power (3 MP) to strengthen
                  | your wands. [Xom's mischief]
  5801 | D:1      | Gained mutation: You are strong-willed. (Will+) [Xom's
                  | mischief]
  5801 | D:1      | Gained mutation: You have hidden genetic defects. [Xom's
                  | mischief]
  5801 | D:1      | Gained mutation: You are dopey. (Int -2) [Xom's mischief]
  7441 | D:1      | XOM: noise
  7620 | D:1      | XOM: give mutations
  7620 | D:1      | Gained mutation: You sometimes lose your temper in combat.
                  | [Xom's mischief]
  7620 | D:1      | Lost mutation: Your system is resistant to poisons. (rPois)
                  | [Xom's mischief]
  7620 | D:1      | Lost mutation: You are strong-willed. (Will+) [Xom's
                  | mischief]
  7620 | D:1      | Gained mutation: Your body sometimes deteriorates upon
                  | taking damage. [Xom's mischief]
  8489 | D:1      | XOM: silly message
  8755 | D:1      | XOM is BORED!
  8755 | D:1      | XOM: noise
  8771 | D:1      | XOM: silly message
  9219 | D:1      | XOM: silly message
  9619 | D:1      | XOM: silly message
 10626 | D:2      | XOM is BORED!
 10626 | D:2      | XOM: noise
 10992 | D:2      | Gained mutation: Your magical capacity is low. (-10% MP)
                  | [hidden defects]
 11004 | D:2      | Glimpsed the power of Zot.
 11170 | D:2      | XOM: divination: detect creatures
 11180 | D:2      | XOM: divination: detect items
 11216 | D:2      | XOM: god gift: glowing amethyst potion {god gift}
 11292 | D:2      | XOM: god gift: 42 gold pieces
 11419 | D:2      | XOM: summons 2 hostile shadow creatures
 11851 | D:2      | XOM: god gift: book of Flames
 11935 | D:2      | XOM: god gift: 10 gold pieces
 12314 | D:2      | XOM: scenery: 3 doors close
 12336 | D:2      | XOM is BORED!
 13055 | D:2      | XOM: cloud trail
 13173 | D:2      | XOM: cloud trail
 13360 | D:2      | XOM: give mutation
 13360 | D:2      | Lost mutation: You are dopey. (Int -2) [Xom's mischief]
 13415 | D:2      | XOM: divination: detect creatures
 14469 | D:2      | XOM: divination: detect creatures
 14806 | D:2      | XOM: noise
 14849 | D:2      | XOM: divination: detect items
 15254 | D:2      | XOM: 4-stop teleportation journey
 15255 | D:2      | Quit the game

Illustrated notes

Levels and vault maps discovered:
D:1:      dpeg_arrival_rooms_b, layout_loops_ring, serial_shops,
          nicolae_shop_competitors_out_of_business, minmay_misc_feat_diagonals
D:2:      layout_basic
D:3:      layout_basic, grunt_gozag_statues,
          shapermc_ecumenical_altar_notcrosses

Skill      XL: |  1  2 |
---------------+-------+-----
Stealth        | 1 |  1.7
Fighting       | |  3.4
Short Blades   | |  3.3
Dodging        | |  2.7

Action                     || total
---------------------------++-------
  Melee: Short sword       ||    52
         Constrict         ||     9
         Tentacles         ||     7
         Punch             ||     1
    Use: Potion            ||     1
   Stab: Sleeping          ||     4
 Armour: Skin              ||    22
  Dodge: Dodged            ||    30

Table legend: (Time is in decaauts)
 A = Elapsed time spent in this place.
 B = Non-inter-level travel time spent in this place.
 C = Inter-level travel time spent in this place.
 D = Time resting spent in this place.
 E = Time spent auto-exploring this place.
 F = Levels seen in this place.
 G = Mean time per level.
                   A        B        C        D        E       F      G
               +--------+--------+--------+--------+--------+-----+--------+
         Total |  15252 |  15158 |     94 |  13842 |   1099 |   3 | 5084.0 |
       Dungeon |  15252 |  15158 |     94 |  13842 |   1099 |   3 | 5084.0 |
               +--------+--------+--------+--------+--------+-----+--------+

Top non-repeatable levels by time:
     D:1: 10360 daAuts
     D:2: 4638 daAuts
     D:3: 253 daAuts
